 Dungeon Crawl Stone Soup version 0.28-a0-667-g162e43154e (webtiles) character file.

Game seed: 1819719278848433363

108 Lekart the Skirmisher (level 4, 0/41 HPs)
             Began as a Draconian Fighter on Oct 17, 2021.
             Succumbed to an orc's poison
             ... on level 3 of the Dungeon.
             The game lasted 00:03:14 (3429 turns).

Lekart the Skirmisher (Draconian Fighter)           Turns: 3429, Time: 00:03:15

Health: 0/41       AC:  5    Str: 19    XL:     4   Next: 58%
Magic:  4/4        EV: 12    Int:  9    God:
Gold:   111        SH:  4    Dex: 10    Spells: 3/3 levels left

rFire   x . .      SeeInvis .   a - +0 long sword
rCold   + . .      Faith    .   b - +0 buckler
rNeg    . . .      Spirit   .   (armour unavailable)
rPois   .          Reflect  .   (helmet restricted)
rElec   .          Harm     .   (no cloak)
rCorr   .          Rampage  .   (no gloves)
Will    .....                   (no boots)
Stlth   +.........              h - amulet of magic regeneration
HPRegen 0.13/turn               e - ring of ice
MPRegen 0.34/turn               (no ring)

@: lethally poisoned (0 -> -19)
A: AC +5, unfitting armour, cold-blooded
a: no special abilities


You were on level 3 of the Dungeon.
You visited 1 branch of the dungeon, and saw 3 of its levels.

You collected 111 gold pieces.

Inventory:

Hand Weapons
 a - a +0 long sword (weapon)
Armour
 b - a +0 buckler (worn)
Jewellery
 e - a ring of ice (left hand)
 h - an amulet of magic regeneration (around neck)
Scrolls
 d - a scroll of acquirement {unknown}
 i - 2 scrolls of identify
Potions
 c - a potion of might
 f - a potion of haste
 g - a potion of curing


   Skills:
 * Level 4.5 Fighting
 + Level 3.1 Long Blades
 + Level 3.2 Dodging
 + Level 3.3 Shields


You had 3 spell levels left.
You didn't know any spells.
Your spell library was empty.

Dungeon Overview and Level Annotations

Branches:
Dungeon (3/15)

Altars:
Dithmenos

Shops:
D:1 !


Innate Abilities, Weirdness & Mutations

Your plain brown scales are hard. (AC +5)
You cannot fit into any form of body armour.
You are cold-blooded and may be slowed by cold attacks.


Message History

An orc priest comes into view. It is wielding a +0 mace.
The adder barely misses you. The orc barely misses you.
The orc priest shouts!
You hit the orc.
Your tail-slap misses the orc.
The orc is severely wounded.
You hear a shout!
The orc priest looks satisfied for a moment.
The adder bites you. The orc closely misses you. The adder barely misses you.
An orc priest comes into view. It is wielding a +0 hand axe.
You hit the orc.
You kill the orc!
The adder barely misses you.
You closely miss the orc. The adder misses you.
The orc hits you but does no damage.
You are poisoned.
The adder misses you. You block the orc's attack.
You closely miss the adder.
You feel very sick. The adder bites you.
The orc hits you with a +1 short sword of venom.
The adder bites you.
You are more poisoned.
The adder poisons you!
You completely miss the adder. You tail-slap the adder.
The adder is heavily wounded.
You feel very sick.
The orc hits you with a +1 short sword of venom.
You are lethally poisoned!
The adder closely misses you.
You hit the adder.
Your tail-slap misses the adder.
The adder is severely wounded.
You feel very sick. You block the adder's attack. The orc barely misses you.
The orc priest invokes the aid of Beogh against you.
Beogh smites you!
* * * LOW HITPOINT WARNING * * *
The adder bites you but does no damage.
You hit the adder.
You kill the adder!
You die...

#.....####
#..#
#.....#
...#
###..##
...# #..#
... #..#
#..# #..#
#.o####.#
#ooo@†..#
#[#######
#. #o #.
#o #.


You could see 2 orc priests and 2 orcs.

Vanquished Creatures
  Jessica (D:2)
  Robin (D:2)
  3 adders
  A worm (D:2)
  An orc (D:3)
  5 bats
  5 endoplasms
  A giant cockroach (D:2)
  12 goblins
  7 hobgoblins
  4 ball pythons
  5 kobolds
  4 rats
50 creatures vanquished.

Vanquished Creatures (others)
  18 plants
18 creatures vanquished.

Grand Total: 68 creatures vanquished

Notes
Turn   | Place    | Note
-------+----------+-------------------------------------------
     0 | D:1      | Lekart the Draconian Fighter began the quest for the Orb.
     0 | D:1      | Reached XP level 1. HP: 19/19 MP: 1/1
   119 | D:1      | Noticed a golden eye
   121 | D:1      | Found a faded altar of an unknown god.
   123 | D:1      | Noticed a shining eye
   136 | D:1      | Noticed a great orb of eyes
   139 | D:1      | Noticed a shining eye
   399 | D:1      | Reached XP level 2. HP: 27/27 MP: 2/2
   724 | D:1      | Found Fetyorch's Distillery.
  1320 | D:2      | Noticed Robin
  1571 | D:1      | Reached skill level 4 in Fighting
  1838 | D:1      | Reached XP level 3. HP: 9/33 MP: 3/3
  2070 | D:2      | Killed Robin
  2515 | D:2      | Noticed Jessica
  2524 | D:2      | Killed Jessica
  2525 | D:2      | Reached XP level 4. HP: 35/41 MP: 4/4
  3285 | D:3      | Found a shadowy altar of Dithmenos.
  3429 | D:3      | Succumbed to an orc's poison

Illustrated notes

Levels and vault maps discovered:
D:1:      nzn_arrival_settlement, layout_basic,
          hellmonk_ecumenical_altar_watching_god, serial_shops,
          nicolae_shop_waterfront
D:2:      layout_rooms, serial_forest, infiniplex_forest_end_2,
          infiniplex_forest_lined_1, infiniplex_forest_end_2,
          infiniplex_forest_side_room, infiniplex_forest_straight_4,
          infiniplex_forest_clump_small, infiniplex_forest_straight_3,
          infiniplex_forest_clump_diagonal, infiniplex_forest_corner_2,
          uniq_robin, uniq_jessica
D:3:      layout_loops_ring, mainiacjoe_overflow_paths, serial_bayou_lagoon_a

Skill      XL: |  1  2  3  4 |
---------------+-------------+-----
Fighting       | 4 |  4.5
Dodging        | 3 |  3.2
Long Blades    | 3 |  3.1
Shields        | |  3.3

Action                   |  1- 3 |  4- 6 || total
-------------------------+-------+-------++-------
Melee: Long sword        |   101 |    36 ||   137
       Tailslap          |     8 |     2 ||    10
  Use: Scroll            |       |     3 ||     3
Armor: Skin              |    55 |    13 ||    68
Dodge: Dodged            |    93 |    30 ||   123
Block: Buckler           |    27 |     5 ||    32

Table legend: (Time is in decaauts)
 A = Elapsed time spent in this place.
 B = Non-inter-level travel time spent in this place.
 C = Inter-level travel time spent in this place.
 D = Time resting spent in this place.
 E = Time spent auto-exploring this place.
 F = Levels seen in this place.
 G = Mean time per level.
                   A        B        C        D        E       F      G
               +--------+--------+--------+--------+--------+-----+--------+
         Total |   3479 |   3399 |     80 |    697 |   2284 |   3 | 1159.7 |
       Dungeon |   3479 |   3399 |     80 |    697 |   2284 |   3 | 1159.7 |
               +--------+--------+--------+--------+--------+-----+--------+

Top non-repeatable levels by time:
     D:1: 2074 daAuts
     D:2: 1144 daAuts
     D:3: 261 daAuts
